[Event "*** Titled Tuesday Blitz"]
[Site "Chess.com"]
[Date "2021.03.09"]
[Round "9"]
[White "Handszar"]
[Black "shnitez"]
[Result "1/2-1/2"]
[WhiteElo "2385"]
[BlackElo "2501"]
[TimeControl "180+1"]
[EndTime "11:48:31 PST"]
[Termination "Game drawn by repetition"]

1. e4 c5 2. Nf3 e6 3. d4 cxd4 4. Nxd4 a6 5. Nc3 b5 6. Bd3 Qb6 7. Nf3 Qc7 8. O-O Bb7 9. Bd2 Be7 10. b4 Nf6 11. a4 Nc6 12. axb5 Nxb4 13. bxa6 Bxa6 14.
Bxa6 Rxa6 15. Rxa6 Nxa6 16. e5 Ng4 17. Qa1 Nb8 18. Nb5 Qc5 19. h3 O-O 20. Qb2 Nh6 21.
Bxh6 gxh6 22. Nbd4 Nc6 23. Nxc6 Qxc6 24. Qc1 Rc8 25. Qxh6 Qxc2 26. Qh5 Qg6 27. Qxg6+ hxg6 28. Rd1 Rd8 29. h4 d6 30. exd6 Rxd6 31. Rxd6 Bxd6 32.
g3 Kg7 33. Kg2 Be7 34. Ne5 Bd6 35. f4 Bc7 36. Kf3 f6 37. Nd3 f5 38. Nc5 Kf6 39.
Nd3 Bd6 40. g4 fxg4+ 41. Kxg4 Bc7 42. Nf2 Bd8 43. Ne4+ Kg7 44. Ng5 Bxg5 45. hxg5 Kf7 46. Kf3 Ke7 47. Ke4 Kd7 48. Ke5 Ke7 49. Kd4 Kd6 50. Ke4 Kd7 51. Kd4 Kd6 52. Ke4 Kd7 1/2-1/2

[Event "*** Titled Tuesday Blitz"]
[Site "Chess.com"]
[Date "2021.03.09"]
[Round "9"]
[White "jposthuma"]
[Black "kirillshevchenko"]
[Result "1-0"]
[WhiteElo "2683"]
[BlackElo "2824"]
[TimeControl "180+1"]
[EndTime "11:48:32 PST"]
[Termination "jposthuma won by resignation"]

1. d4 Nf6 2. c4 g6 3. Nc3 Bg7 4. e4 d6 5. f3 O-O 6. Be3 a6 7.
Qd2 Nc6 8. Nge2 Bd7 9. Nc1 e5 10. d5 Ne7 11. Bd3 Nh5 12. c5 f5 13. Nb3 Nf4 14. O-O-O a5 15. cxd6 cxd6 16. a4 Nxd3+ 17.
Qxd3 Qe8 18. Nb5 Bxb5 19. Qxb5 Qxb5 20. axb5 a4 21. Nd2 fxe4 22. fxe4 a3 23. Nc4 a2 24. Kd2 Nc8 25. Ra1 Bf6 26. Kc2 Bd8 27.
Kb3 b6 28. Rxa2 Rxa2 29. Kxa2 Rf7 30. Kb3 Ra7 31. Rc1 Bc7 32. Na3 Kf7 33. Rc6 Ke7 34. Nc4 Rb7 35. Kc2 Kd7 36. Kd3 Rb8 37. Na3 Ne7 38.
Rc2 Ra8 39. Rf2 Ke8 40. Rf6 Ra4 41. Nc4 Nc8 42. Bh6 Rb4 43. Rf8+ Kd7 44. Rf7+ Ne7 45. Bg5 Bd8 46. Nxb6+ Ke8 47. Rxh7 Rxb5 48. Bxe7 Bxe7 49. Nc8 Bg5 50. Nxd6+ 1-0

[Event "*** Titled Tuesday Blitz"]
[Site "Chess.com"]
[Date "2021.03.09"]
[Round "9"]
[White "Guzman70"]
[Black "gusmaster2262"]
[Result "1-0"]
[WhiteElo "2347"]
[BlackElo "2180"]
[TimeControl "180+1"]
[EndTime "11:48:32 PST"]
[Termination "Guzman70 won on time"]

1. e4 c6 2. c4 d5 3. exd5 cxd5 4. cxd5 Nf6 5. Qa4+ Nbd7 6. Nc3 g6 7. Bc4 Bg7 8. Nf3 O-O 9. O-O Nb6 10. Qb3 a6 11.
Re1 Nxc4 12. Qxc4 b5 13. Qb4 Nxd5 14. Nxd5 Qxd5 15. Qxe7 Bb7 16. d4 Rfd8 17. Bg5 Rd7 18. Qe2 Qf5 19. Be3 Re8 20. Rad1 Qg4 21. h3 Qf5 22. Ne5 Rde7 23. Qg4 Bxe5 24. Qxf5 gxf5 25.
dxe5 Rxe5 26. g3 Rd5 27. a3 Red8 28. Rc1 R5d7 29. Bg5 Rb8 30. Re5 Be4 31. Re1 Kg7 32.
Bf4 Rbd8 33. g4 Rd1 34. Rxd1 Rxd1+ 35. Kh2 Rd5 36. Rxd5 Bxd5 37. g5 Kg6 38. h4 f6 39.
Kg3 fxg5 40. Bxg5 Be4 41. Kf4 h6 42. Bd8 Kh5 43. f3 Bc2 44. Ke5 Bb1 45. Be7 Kg6 46.
Kf4 Kf7 47. Bb4 Ke6 48. Bd2 Kd5 49. Ke3 h5 50. Kf4 Kc4 51. Kg5 Kb3 52. Bc3 a5 53.
Bxa5 Kxb2 54. Bb4 Kc2 55. Kxh5 Kd3 56. Kg5 Ke3 57. f4 1-0

[Event "*** Titled Tuesday Blitz"]
[Site "Chess.com"]
[Date "2021.03.09"]
[Round "9"]
[White "starplatinum2030"]
[Black "Anton_Demchenko"]
[Result "0-1"]
[WhiteElo "2228"]
[BlackElo "2840"]
[TimeControl "180+1"]
[EndTime "11:48:33 PST"]
[Termination "Anton_Demchenko won by resignation"]

1. e4 e5 2. Nf3 Nc6 3. Bb5 a6 4. Ba4 d6 5. O-O Nf6 6. Re1 Be7 7. c3 O-O 8. h3 Bd7 9. d4 Re8 10. Nbd2 Bf8 11. Bc2 g6 12. Nf1 Bg7 13. Ng3 a5 14. a4 exd4 15. cxd4 Nb4 16. Bb3 Be6 17. Bxe6 fxe6 18. Be3 Qd7 19. Qb3 Kh8 20. Rac1 Rac8 21.
Red1 Qe7 22. Bg5 Qf8 23. Qe3 Nd7 24. Qb3 c5 25. Be3 b6 26. dxc5 Nxc5 27. Bxc5 bxc5 28. Nd2 d5 29. exd5 exd5 30. Nf3 c4 31. Qa3 d4 32. Nxd4 Nd3 33. Qxf8+ Rxf8 34. Ne6 Nxc1 35. Nxf8 Nd3 36. Ne6 Nxb2 37. Rc1 Nd3 38. Rc2 Nb4 39. Rc1 Bb2 40. Re1 c3 41. Nd4 c2 42. Nxc2 Nxc2 43. Re2 Bg7 44.
Ne4 Nd4 45. Rd2 h6 46. f3 Rc4 47. Ra2 Nf5 48. Kf2 Be5 49. g4 Nd6 50. Nxd6 Bxd6 51.
Ke3 Bf4+ 52. Kd3 Rb4 53. Kc3 Kg7 54. Re2 Rxa4 55. Re7+ Kf6 56. Ra7 Ra3+ 57. Kc4 Kg5 58. Rg7 Rxf3 0-1

[Event "*** Titled Tuesday Blitz"]
[Site "Chess.com"]
[Date "2021.03.09"]
[Round "9"]
[White "GMJustin"]
[Black "KonstantinB_1983"]
[Result "1-0"]
[WhiteElo "2283"]
[BlackElo "2466"]
[TimeControl "180+1"]
[EndTime "11:48:33 PST"]
[Termination "GMJustin won by checkmate"]

1. d4 Nf6 2. c4 d6 3. Nc3 c6 4. e4 Nbd7 5. g4 h6 6. h3 e5 7. Nge2 Be7 8. Bg2 O-O 9. O-O Re8 10. Ng3 Bf8 11. f4 exd4 12. Qxd4 Qb6 13. Be3 Qxd4 14. Bxd4 Nh7 15. Rad1 g5 16. Nf5 gxf4 17. Rxf4 Ne5 18. Rdf1 Nxc4 19. Ng3 Be6 20. b3 Ne5 21. Nf5 a6 22. Ne2 Rad8 23. Neg3 Bc8 24. Bc3 Ng6 25. R4f2 d5 26. exd5 cxd5 27. Bd4 Ne5 28. Nh5 Nc6 29. Bb6 Rd7 30. Rd2 Re5 31. Kh1 Ne7 32. Bd4 Re6 33. Nxe7+ Bxe7 34. Rdf2 Bh4 35. Rf5 Red6 36.
Bc5 Rc6 37. Bxd5 Rg6 38. Bxf7+ Kh8 39. Bxg6 Rd8 40. Bxh7 Kxh7 41. Rf7+ Kg8 42. Rf8+ Rxf8 43. Rxf8+ Kh7 44. Rxc8 Kg6 45. Rc7 Be7 46. Rxe7 Kg5 47.
Be3+ Kh4 48. Kg2 b5 49. Rg7 b4 50. Bf2# 1-0

[Event "*** Titled Tuesday Blitz"]
[Site "Chess.com"]
[Date "2021.03.09"]
[Round "9"]
[White "MatyChess1"]
[Black "Cambek64"]
[Result "1-0"]
[WhiteElo "2591"]
[BlackElo "2422"]
[TimeControl "180+1"]
[EndTime "11:48:34 PST"]
[Termination "MatyChess1 won by resignation"]

1. e4 e6 2. d4 d5 3. Nc3 Nc6 4.
Nf3 Nf6 5. Bd3 Nb4 6. Bg5 Be7 7. O-O dxe4 8. Bxf6 Bxf6 9. Bxe4 O-O 10. Re1 Nd5 11.
Qd3 g6 12. Rad1 c6 13. Ne5 Qc7 14. Qg3 Nxc3 15. Qxc3 Rd8 16. Qf3 Bg7 17. c3 Qe7 18. g3 Bd7 19. h4 Be8 20. h5 Rac8 21. hxg6 hxg6 22. Kg2 Rc7 23. b4 Qf6 24. Qe3 Rd6 25. Bc2 Qd8 26. Bb3 Qf6 27. a4 Rc8 28. a5 Rcd8 29.
Nc4 R6d7 30. Ne5 Rd6 31. Rh1 b6 32. axb6 axb6 33. Nc4 c5 34. Nxd6 Rxd6 35. dxc5 Bc6+ 36. f3 Rxd1 37. Rxd1 bxc5 38. bxc5 Qxc3 39. Qxc3 Bxc3 40. Rd6 Bb5 41. c6 Be5 42. c7 Bxd6 43. c8=Q+ Bf8 44. Bxe6 fxe6 45. Qxe6+ Kg7 46. Qe5+ 1-0

[Event "*** Titled Tuesday Blitz"]
[Site "Chess.com"]
[Date "2021.03.09"]
[Round "9"]
[White "IMAghasiyevKamal"]
[Black "kuba2006"]
[Result "1-0"]
[WhiteElo "2493"]
[BlackElo "2344"]
[TimeControl "180+1"]
[EndTime "11:48:34 PST"]
[Termination "IMAghasiyevKamal won on time"]

1. d4 Nf6 2. c4 d6 3. Nc3 Nbd7 4.
Nf3 e5 5. e4 g6 6. dxe5 dxe5 7.
Be2 Bg7 8. O-O O-O 9. Be3 c6 10. Nd2 Qe7 11. Qa4 Rd8 12. h3 Nf8 13. c5 Ne6 14. Nc4 Nxc5 15. Qa3 Bf8 16. Bxc5 Qxc5 17. Qxc5 Bxc5 18. Nxe5 Bd4 19. Nf3 Bxc3 20. bxc3 Nxe4 21.
Rfc1 Be6 22. a4 b6 23. a5 Nc5 24. Nd4 Rac8 25. axb6 axb6 26. Rcb1 b5 27. Nxe6 Nxe6 28.
Bf1 Nc5 29. c4 bxc4 30. Bxc4 Rd4 31. Rc1 Ne4 32. Ra7 Nd6 33. Ba2 c5 34. Rd7 Kf8 35.
Bxf7 Nf5 36. Bc4 Rxd7 37. Be6 Rdc7 38. Bxc8 Rxc8 39. Rc4 Nd6 40. Rf4+ Kg7 41. Kf1 c4 42. Ke2 c3 43. Kd1 Nb5 44. Kc1 Nd6 45. Rd4 Nf5 46.
Rd7+ Kh6 47. g4 Nh4 48. f4 Ng2 49. g5+ 1-0

[Event "*** Titled Tuesday Blitz"]
[Site "Chess.com"]
[Date "2021.03.09"]
[Round "9"]
[White "Eltaj_Safarli"]
[Black "SantoBlue"]
[Result "1-0"]
[WhiteElo "2915"]
[BlackElo "2861"]
[TimeControl "180+1"]
[EndTime "11:48:35 PST"]
[Termination "Eltaj_Safarli won by resignation"]

1. e4 e5 2. Nf3 Nc6 3. Bb5 a6 4. Ba4 Nf6 5. Nc3 b5 6. Bb3 Bc5 7. a4 Rb8 8. axb5 axb5 9. d3 d6 10. Nd5 h6 11. O-O O-O 12. c3 Nxd5 13. Bxd5 Ne7 14.
Bb3 Ng6 15. d4 Bb6 16. h3 Qf6 17. Be3 Nf4 18. Re1 c5 19. dxe5 dxe5 20. Bxf4 Qxf4 21. Bd5 c4 22. Qe2 Bc5 23. Red1 Rb6 24. Kh1 Rf6 25. Ra5 Bd7 26. Bxc4 Bb6 27. Rxd7 Bxa5 28. Bxb5 Bb6 29. Bc4 Ra8 30. Rd1 Rb8 31. Bd5 Kh8 32. b4 Ba7 33. Ra1 Bb6 34. c4 Bd4 35. Rb1 Rfb6 36. Nxd4 exd4 37.
b5 d3 38. Qe3 Qf6 39. Rd1 Rd8 40. Rxd3 Qa1+ 41. Kh2 Rg6 42. g3 Rf6 43. e5 Rf5 44. f4 Qf1 45. Rd2 Rh5 46. Bg2 Qxc4 47. Rxd8+ Kh7 48. Qe4+ Qxe4 49. Bxe4+ g6 50. b6 1-0

[Event "*** Titled Tuesday Blitz"]
[Site "Chess.com"]
[Date "2021.03.09"]
[Round "9"]
[White "iturrizaga"]
[Black "Blazinq"]
[Result "0-1"]
[WhiteElo "2815"]
[BlackElo "2654"]
[TimeControl "180+1"]
[EndTime "11:48:36 PST"]
[Termination "Blazinq won by resignation"]

1. c4 e5 2. g3 Nf6 3. Bg2 d5 4. cxd5 Nxd5 5. Nf3 Nc6 6. O-O Nb6 7. b3 Be7 8. Bb2 Bf6 9. Nc3 Bf5 10. Rc1 O-O 11.
d3 Re8 12. Nd2 Qd7 13. Nce4 Be7 14. Re1 Rad8 15. a3 Bh3 16. Bh1 Nd4 17. b4 c6 18. e3 Ne6 19. Bxe5 Qxd3 20. Qh5 Rd5 21. Nf6+ Bxf6 22. Be4 Qxd2 23. Qxh7+ Kf8 24. Bxf6 gxf6 25. Qxh3 Re5 26. Qh6+ Ke7 27. Rcd1 Qc3 28. Bg2 Rd8 29. h4 Rxd1 30. Rxd1 Qxa3 31. Qh8 Qxb4 32. Bh3 Qb3 33. Ra1 a6 34. Qh7 Nd5 35. Rb1 Qc3 36. Rxb7+ Nec7 37. Qh8 Qe1+ 38. Kg2 Qe2 39. Kg1 Qe1+ 40. Bf1 Rf5 41.
f4 Qxg3+ 42. Bg2 Qxe3+ 43. Kh1 Qe1+ 44. Kh2 Rxf4 45. Kh3 Qe3+ 46. Kh2 Qe5 47. Kg1 Rd4 48. Rb8 Rd1+ 49. Bf1 Qg3+ 0-1

[Event "*** Titled Tuesday Blitz"]
[Site "Chess.com"]
[Date "2021.03.09"]
[Round "9"]
[White "Manukyan_Artak"]
[Black "CzechmVIII"]
[Result "1-0"]
[WhiteElo "2396"]
[BlackElo "2245"]
[TimeControl "180+1"]
[EndTime "11:48:38 PST"]
[Termination "Manukyan_Artak won by resignation"]

1. e4 c5 2. Nf3 d6 3. Bb5+ Nd7 4. O-O a6 5. Bd3 Ngf6 6. c3 e6 7. Bc2 c4 8. a4 b6 9. Qe2 Bb7 10.
Qxc4 Nxe4 11. d4 Nef6 12. Bg5 Be7 13. Nbd2 O-O 14. Rfe1 Rc8 15. Qd3 g6 16. h4 Re8 17.
Nh2 Nh5 18. Bxe7 Qxe7 19. Qg3 Ndf6 20. Nhf3 Ng7 21. Ng5 Bd5 22. Nge4 Nxe4 23. Nxe4 f5 24. Ng5 h6 25. Nh3 Qf6 26. Nf4 Be4 27. Bxe4 fxe4 28. Rxe4 d5 29. Re3 Nf5 30. Qxg6+ Qxg6 31. Nxg6 Nxe3 32.
fxe3 Kg7 33. Nf4 Re7 34. Rf1 Kh7 35. Nh5 Rg8 36. Nf6+ Kg7 37. Nxg8 Kxg8 38. Kh2 e5 39. Rf6 exd4 40. exd4 b5 41. axb5 axb5 42. Rb6 Kg7 43. Rxb5 Re2 44. Rxd5 Rxb2 45. h5 Kf6 46. Rc5 Rd2 47.
Kh3 Ke6 48. g4 Kd6 49. Kh4 Rh2+ 50. Kg3 Rd2 51. Kf4 Rf2+ 52. Ke4 Re2+ 53. Kf5 Rf2+ 54. Kg6 Rg2 55. Kxh6 Rxg4 56. Rg5 Re4 57. Kg7 Re7+ 58. Kg6 Re6+ 59. Kf5 Re8 60. h6 Kd5 61. h7 Rh8 62. Kg6+ Kc4 63. Kg7 Rb8 64. Rc5+ 1-0

[Event "*** Titled Tuesday Blitz"]
[Site "Chess.com"]
[Date "2021.03.09"]
[Round "9"]
[White "jacky72"]
[Black "Elshan1985"]
[Result "0-1"]
[WhiteElo "2728"]
[BlackElo "2889"]
[TimeControl "180+1"]
[EndTime "11:48:40 PST"]
[Termination "Elshan1985 won by checkmate"]

1. d4 Nf6 2. c4 e6 3. Nf3 d5 4. Nc3 dxc4 5. e3 a6 6. Bxc4 b5 7. Bb3 Bb7 8. O-O c5 9. e4 cxd4 10. Nxd4 Nbd7 11. Bg5 h6 12. Bh4 Qb6 13. Nf3 Bd6 14.
Qe2 g5 15. Bg3 Bxg3 16. hxg3 g4 17. Nh4 Ne5 18. Rad1 Qc5 19. Qd2 Ke7 20. Kh2 Rad8 21. Qe2 Rxd1 22. Rxd1 Rd8 23. Rxd8 Kxd8 24. Qd2+ Ke7 25.
Qf4 Nfd7 26. Bc2 b4 27. Qxh6 bxc3 28. bxc3 Qxf2 29. Qg5+ Kd6 30. Ba4 Bc6 31. Bxc6 Kxc6 32. Qd8 Qxa2 33. Qc8+ Kd6 34. Qb7 Qc4 35. Qa7 Qc6 36.
Qd4+ Ke7 37. Qe3 a5 38. Qg5+ Kd6 39. Qd2+ Kc7 40. Qe3 Qc5 41. Qe2 Qxc3 42. Qa6 Qc5 43. Qe2 a4 44. Qa6 a3 45. Qa4 Kd8 46. Qa8+ Ke7 47.
Qa4 Qc3 48. Qa8 Qb2 49. Qa7 a2 50. Qa6 a1=Q 51. Ng6+ Kf6 52. Qxa1 Qxa1 53. Nxe5 Qxe5 54. Kg1 Qxg3 55. Kh1 Kg6 56. Kg1 Qe1+ 57. Kh2 Ne5 58. g3 Qf2+ 59. Kh1 Qf1+ 60. Kh2 Nf3# 0-1

[Event "*** Titled Tuesday Blitz"]
[Site "Chess.com"]
[Date "2021.03.09"]
[Round "9"]
[White "konradrutkowski"]
[Black "Vesper2018"]
[Result "1-0"]
[WhiteElo "2424"]
[BlackElo "2560"]
[TimeControl "180+1"]
[EndTime "11:48:40 PST"]
[Termination "konradrutkowski won on time"]

1. d4 Nf6 2. Nf3 g6 3. e3 Bg7 4. Be2 O-O 5. O-O d6 6. b4 a5 7. b5 c6 8. a4 Nbd7 9. Bb2 d5 10. c4 dxc4 11. Bxc4 Nb6 12. Be2 Be6 13. Nc3 Nc4 14. Bc1 h6 15. Qc2 Rc8 16. Nd2 cxb5 17. axb5 Nd6 18.
Qb2 Qc7 19. Na4 b6 20. Bf3 Bd5 21. Ra3 Bxf3 22. gxf3 Nd5 23. Ne4 Nb4 24. Bd2 Nc4 25. Qc1 Nxa3 26. Qxa3 Nd5 27. Qb3 Qd7 28. Ng3 Qd6 29.
Rd1 e6 30. e4 Nb4 31. Be3 Nc2 32. e5 Qb4 33. Qxb4 axb4 34. Nxb6 Rc3 35. Ne4 Nxe3 36.
Nxc3 Nxd1 37. Nxd1 Rd8 38. Nb2 Rxd4 39. N6c4 Bf8 40. b6 Bc5 41. b7 Ba7 42. Nd6 Bb8 43.
Nbc4 b3 44. Kf1 Kf8 45. Ke2 Ke7 46. Ke3 Rd5 47. f4 Rc5 48. Kd4 Rc6 49. Kc3 Kd7 50.
Kxb3 Rc5 51. Kb4 Rc6 52. Kb5 1-0

[Event "*** Titled Tuesday Blitz"]
[Site "Chess.com"]
[Date "2021.03.09"]
[Round "9"]
[White "Goryachkina"]
[Black "Niktlt"]
[Result "0-1"]
[WhiteElo "2664"]
[BlackElo "2481"]
[TimeControl "180+1"]
[EndTime "11:48:41 PST"]
[Termination "Niktlt won on time"]

1. Nf3 Nf6 2. g3 g6 3. Bg2 Bg7 4. O-O O-O 5. d4 d6 6. Nc3 d5 7. Re1 Bf5 8. h3 c6 9. a4 Na6 10. Nh4 Bc8 11. a5 Nc7 12. Nf3 Rb8 13. Ne5 Nd7 14.
Bf4 Nxe5 15. Bxe5 f6 16. Bxc7 Qxc7 17. e4 e6 18. h4 Bd7 19. Bh3 Rbe8 20. Qd3 Qd6 21.
exd5 cxd5 22. Nb5 Qb8 23. c4 a6 24. Nc3 Qd6 25. cxd5 exd5 26. Bxd7 Qxd7 27. Qf3 f5 28. Nxd5 Bxd4 29. Rxe8 Rxe8 30. Rd1 Qg7 31. Qb3 Kh8 32. Nf4 Bf6 33. Qa4 Qf7 34. b4 Kg7 35.
Rd7 Re7 36. Rxe7 Bxe7 37. Qd1 Bf8 38. Qd4+ Kg8 39. Qb6 Qe7 40. Kg2 Qe4+ 41. Kg1 Qxb4 42. Qe6+ Kg7 43. Qd7+ Qe7 44. Qd4+ Kf7 45. Nd5 Qe6 46.
Qc4 Be7 47. Qd4 Bf6 48. Qc5 Be7 49. Qd4 Qe1+ 0-1

[Event "*** Titled Tuesday Blitz"]
[Site "Chess.com"]
[Date "2021.03.09"]
[Round "9"]
[White "StockholmMissile"]
[Black "TigrVShlyape"]
[Result "1-0"]
[WhiteElo "2587"]
[BlackElo "2818"]
[TimeControl "180+1"]
[EndTime "11:48:41 PST"]
[Termination "StockholmMissile won on time"]

1. d4 Nf6 2. c4 g6 3. Nc3 Bg7 4. e4 d6 5. h3 e5 6. d5 Na6 7. g4 Nc5 8. f3 a5 9. Nge2 h5 10. g5 Nh7 11. Rg1 f6 12. gxf6 Qxf6 13. Be3 Bd7 14.
Qd2 O-O 15. O-O-O a4 16. Bg2 Rab8 17. Rdf1 b5 18. cxb5 Bxb5 19. Nxb5 Rxb5 20. Nc3 Rb4 21. Rf2 Rfb8 22. Qd1 Qf8 23. Bf1 Qf7 24. Rfg2 Nf8 25. Bd3 Nxd3+ 26. Qxd3 Qxf3 27. Rg3 Qf7 28. Rf1 Qe8 29. Rg2 Nh7 30. a3 Rb3 31. Qc4 R8b7 32. Rfg1 Nf8 33. Rg3 Kh7 34. Qc6 Qxc6 35. dxc6 Rxc3+ 36. bxc3 Rb3 37. Kc2 Rxa3 38. Rb1 Bh6 39. Bxh6 Kxh6 40. Rf3 Ne6 41. Rf7 Ra2+ 42. Rb2 Ra1 43.
Re7 a3 44. Rb8 Nc5 45. h4 g5 46. hxg5+ Kxg5 47. Rxc7 Ra2+ 48. Kb1 Rd2 49. Rg7+ Kf4 50. c7 1-0

[Event "*** Titled Tuesday Blitz"]
[Site "Chess.com"]
[Date "2021.03.09"]
[Round "9"]
[White "Kretov_Evgenij"]
[Black "Fy_Rakotomaharo"]
[Result "1/2-1/2"]
[WhiteElo "2560"]
[BlackElo "2717"]
[TimeControl "180+1"]
[EndTime "11:48:42 PST"]
[Termination "Game drawn by stalemate"]

1. d4 Nf6 2. c4 g6 3. Nc3 Bg7 4. e4 d6 5. Be2 O-O 6. Bg5 h6 7. Be3 c5 8. e5 Nfd7 9. exd6 exd6 10.
Nf3 Nc6 11. O-O b6 12. Qd2 Kh7 13. Rfe1 Nf6 14. h3 Bf5 15. d5 Na5 16. g4 Ne4 17. Nxe4 Bxe4 18. Nh2 Qh4 19. Bf1 Be5 20. Bf4 f5 21. Bxe5 dxe5 22. f3 Qg3+ 23. Qg2 Qxg2+ 24. Kxg2 Bc2 25. Rxe5 fxg4 26. hxg4 g5 27. Rae1 Rf7 28. Re7 Kg7 29. R1e6 Rf8 30. Be2 Bb1 31. a3 Ba2 32. d6 Nxc4 33. d7 Rd8 34. Rxf7+ Kxf7 35. Rxh6 Rxd7 36.
Rh7+ Ke6 37. Rxd7 Kxd7 38. Bxc4 Bxc4 39. f4 gxf4 40. Kf3 b5 41. Kxf4 b4 42. Ke5 Be2 43.
Kd5 bxa3 44. bxa3 c4 45. Kd4 Ke6 46. Ke3 Bd3 47. Nf3 Kf6 48. Kd4 Be2 49. Ne5 a6 50.
Nxc4 Bxg4 51. Kc5 Ke7 52. Kb6 Be2 53. Ne5 Kd8 54. Nc6+ Kc8 55. a4 Bd1 56. a5 Be2 57. Ka7 Kc7 58. Nb4 Bb5 59. Nxa6+ Bxa6 60. Kxa6 Kb8 61.
Kb6 Ka8 62. a6 Kb8 63. a7+ Ka8 64. Ka6 1/2-1/2

[Event "*** Titled Tuesday Blitz"]
[Site "Chess.com"]
[Date "2021.03.09"]
[Round "9"]
[White "Iskusnyh"]
[Black "Mihnea2017"]
[Result "1-0"]
[WhiteElo "2611"]
[BlackElo "2499"]
[TimeControl "180+1"]
[EndTime "11:48:42 PST"]
[Termination "Iskusnyh won on time"]

1. d4 Nf6 2. c4 e6 3. g3 d5 4. Nf3 dxc4 5. Bg2 c5 6. Na3 Nc6 7. Nxc4 cxd4 8. O-O Be7 9. Bf4 O-O 10.
Nfe5 Bd7 11. Rc1 Rc8 12. Qb3 Nxe5 13. Nxe5 b6 14. Rfd1 Rxc1 15. Rxc1 Be8 16. Nc6 Bxc6 17. Rxc6 Nh5 18. Bd2 Bg5 19. Bb4 Be7 20. Bd2 Nf6 21. Bf3 h6 22. Bf4 Bc5 23. Qc4 Nd7 24.
b4 e5 25. bxc5 exf4 26. Rd6 bxc5 27. Qd5 Qa5 28. Rxd7 fxg3 29. hxg3 g6 30. Qd6 Kg7 31. Qe5+ Kg8 32. Qf6 Qxa2 33. Bd5 Qb1+ 34. Kg2 Qf5 35.
Qxf5 gxf5 36. Rxa7 Kg7 37. Bc4 Kg6 38. Rc7 f4 39. gxf4 Kf5 40. Kf3 f6 41. Rxc5+ Kg6 42. Rc7 h5 43. Bd3+ f5 44. Rd7 h4 45. Rxd4 h3 46.
Kg3 Rh8 47. Kh2 Kh5 48. Rd5 Kg4 49. Rxf5 Rd8 50. Rg5+ Kh4 51. Rg3 Rd4 52. f5 1-0

[Event "*** Titled Tuesday Blitz"]
[Site "Chess.com"]
[Date "2021.03.09"]
[Round "9"]
[White "Margency"]
[Black "AliKa2810"]
[Result "1-0"]
[WhiteElo "2702"]
[BlackElo "2547"]
[TimeControl "180+1"]
[EndTime "11:48:43 PST"]
[Termination "Margency won on time"]

1. e4 c6 2. d4 d5 3. exd5 cxd5 4. c4 Nf6 5. Nc3 e6 6. Nf3 Bb4 7. cxd5 Nxd5 8. Bd2 O-O 9. Bd3 Nc6 10. O-O Nce7 11. Ne5 Bd6 12. Ne4 h6 13. Rc1 b6 14. Qf3 Bb7 15. Nxd6 Qxd6 16. Qg3 Nf5 17. Bxf5 exf5 18. Rfe1 Rac8 19. Bc3 Rfe8 20. h4 f6 21. Ng6 Qxg3 22. fxg3 h5 23. Kf2 Re4 24. Rxe4 fxe4 25. Bd2 Rxc1 26. Bxc1 Nb4 27. Bf4 Kf7 28. Nh8+ Ke6 29. Ke3 Nc2+ 30. Kd2 Nxd4 31. Bb8 Nc6 32. Bf4 Kf5 33.
Nf7 Ke6 34. Nh8 Ba6 35. Ng6 Bd3 36. Be3 Kf5 37. Nf4 Bc4 38. Nxh5 Bxa2 39. Nxg7+ Kg6 40.
Ne8 Ne5 41. Nd6 Bd5 42. Kc3 Ng4 43.
Kd4 Bc6 44. Nc8 f5 45. Nxa7 Bd7 46. b4 Kh5 47. b5 Nxe3 48. Kxe3 Kg4 49. Kf2 e3+ 50.
Kxe3 Kxg3 51. h5 f4+ 52. Ke4 Be8 53. h6 Bg6+ 54. Ke5 Bh7 55. Nc8 Bd3 56. Nxb6 1-0

[Event "*** Titled Tuesday Blitz"]
[Site "Chess.com"]
[Date "2021.03.09"]
[Round "9"]
[White "Ekose"]
[Black "Diamantidis_13"]
[Result "1-0"]
[WhiteElo "2517"]
[BlackElo "2369"]
[TimeControl "180+1"]
[EndTime "11:48:43 PST"]
[Termination "Ekose won by checkmate"]

1. d4 Nf6 2. Nf3 e6 3. e3 b6 4.
Nbd2 Bb7 5. Bd3 Be7 6. O-O O-O 7. b3 c5 8. Bb2 cxd4 9. exd4 d5 10. Qe2 Nbd7 11.
Ne5 Nxe5 12. dxe5 Nd7 13. f4 Nc5 14. Nf3 Nxd3 15. cxd3 d4 16. Kh1 Rc8 17. Nxd4 Qd5 18. Nf3 Rfd8 19. Rfd1 h6 20. h3 Rc7 21. d4 Qe4 22. Qxe4 Bxe4 23. Rac1 Rdc8 24. Rxc7 Rxc7 25. Rc1 Rxc1+ 26. Bxc1 b5 27. Be3 a6 28. Nd2 Bd5 29. Kg1 Bb4 30. Kf2 a5 31. g4 a4 32.
Ke2 Bxd2 33. Kxd2 axb3 34. axb3 Bxb3 35. Kc3 Bd5 36. Kb4 Bc4 37. h4 h5 38. gxh5 Kh7 39. f5 exf5 40. Kc5 Kg8 41. d5 Kf8 42. d6 Be6 43. Kxb5 Ke8 44. Kc6 Bd7+ 45. Kc7 Ba4 46. h6 gxh6 47. Bxh6 Bb5 48. Bg5 Ba4 49.
h5 f4 50. h6 f6 51. h7 f3 52.
h8=Q+ Kf7 53. Qxf6+ Kg8 54. Qg6+ Kf8 55. Bh6# 1-0

[Event "*** Titled Tuesday Blitz"]
[Site "Chess.com"]
[Date "2021.03.09"]
[Round "9"]
[White "Homyakova_Elena"]
[Black "Orest_Vovk"]
[Result "0-1"]
[WhiteElo "2277"]
[BlackElo "2436"]
[TimeControl "180+1"]
[EndTime "11:48:43 PST"]
[Termination "Orest_Vovk won by resignation"]

1. e4 g6 2. d4 Bg7 3. Nc3 d6 4. Be3 Nd7 5. f3 e6 6. Qd2 Ne7 7. h4 h6 8. O-O-O b6 9. g4 Bb7 10. Nh3 a6 11. Bg2 Qb8 12. h5 g5 13. f4 gxf4 14.
Nxf4 Nf6 15. g5 hxg5 16. Nd3 Ng4 17. Bxg5 Bxd4 18. Bxe7 Be3 19. Bg5 Bxd2+ 20. Rxd2 Nh6 21. Nf4 Bc6 22. Rf1 Qb7 23. Nfd5 Bxd5 24. exd5 e5 25.
Ne4 f5 26. Nf6+ Kf7 27. Bh3 Raf8 28. Bxf5 Nxf5 29. Rxf5 Qc8 30. Rdf2 Kg7 31. h6+ Kg6 32. Bh4 Qxf5 33. Rxf5 Kxf5 34. Nd7 Rxh6 35. Nxf8 Rxh4 36.
Ne6 Rh7 37. Kd2 c6 38. c4 b5 39. b3 bxc4 40. bxc4 cxd5 41. cxd5 Rh2+ 42. Kd3 Rxa2 43. Kc4 Rd2 44. Kb3 Rxd5 45. Nc7 Rd4 46. Nxa6 e4 47. Kc3 Rd3+ 48. Kc2 d5 49. Nb4 Rd4 50. Na2 e3 51. Kc3 Rd2 52. Nc1 d4+ 53. Kc4 Ke4 54. Nb3 Rc2+ 55.
Kb4 Rb2 56. Kc4 Rxb3 57. Kxb3 e2 0-1

[Event "*** Titled Tuesday Blitz"]
[Site "Chess.com"]
[Date "2021.03.09"]
[Round "9"]
[White "Fiona"]
[Black "pavelalexandru07"]
[Result "0-1"]
[WhiteElo "2204"]
[BlackElo "2308"]
[TimeControl "180+1"]
[EndTime "11:48:44 PST"]
[Termination "pavelalexandru07 won by resignation"]

1. e4 c5 2. Nc3 d6 3. f4 Nf6 4. Nf3 e6 5. Bc4 a6 6. a4 Nc6 7. d3 d5 8. exd5 exd5 9. Ba2 Be7 10. O-O O-O 11. Ne5 Be6 12. Nxc6 bxc6 13. f5 Bc8 14. Qf3 Re8 15. Bg5 Qb6 16. Rab1 c4+ 17. Kh1 cxd3 18.
cxd3 Bb7 19. Ne2 Rad8 20. Nf4 Qb4 21. Bxf6 Bxf6 22. Nh5 Qd4 23. b4 Kh8 24. a5 Re3 25. Qf4 Qxf4 26. Nxf4 Be5 27. Rbd1 Re8 28. h3 Bc8 29. d4 Bxf4 30. Rxf4 R3e4 31. Rdf1 f6 32. Kh2 Bd7 33. Bb1 Rxf4 34. Rxf4 Rb8 35. Rf2 Rxb4 36. Bd3 Rxd4 37. Bxa6 Ra4 38. Re2 Kg8 39.
Bb7 Rxa5 40. Re7 Bxf5 41. Bxc6 Be4 42. Rd7 h6 43. Kg3 Kh7 44. Kf2 Ra2+ 45. Ke3 Ra3+ 46. Kf2 Ra2+ 47. Ke3 Rxg2 48. Bxd5 Bxd5 49. Rxd5 Rg3+ 50.
Kf4 Rxh3 51. Rd7 Rh4+ 52. Kg3 Rc4 53. Ra7 Kg6 54. Rb7 f5 55. Ra7 h5 56. Ra6+ Kg5 57. Ra7 g6 58. Rc7 f4+ 59. Kg2 Rxc7 0-1

[Event "*** Titled Tuesday Blitz"]
[Site "Chess.com"]
[Date "2021.03.09"]
[Round "9"]
[White "PowerThinking2650"]
[Black "Steegersee"]
[Result "0-1"]
[WhiteElo "2401"]
[BlackElo "2275"]
[TimeControl "180+1"]
[EndTime "11:48:45 PST"]
[Termination "Steegersee won by checkmate"]

1. e4 c5 2. Nf3 Nc6 3. d4 cxd4 4.
Nxd4 Nf6 5. Nc3 e5 6. Ndb5 d6 7. Bg5 a6 8. Na3 b5 9. Nd5 Be7 10. Bxf6 Bxf6 11. c3 O-O 12. Nc2 Bg5 13. a4 Rb8 14.
axb5 axb5 15. h4 Bh6 16. Bd3 Ne7 17. Ncb4 f5 18. Nxe7+ Qxe7 19. Nc6 Qb7 20. Nxb8 fxe4 21. Be2 e3 22. f3 Qxb8 23. Qd5+ Kh8 24. Qxb5 Qc7 25.
Qc4 Qb7 26. b4 Bf4 27. Bd3 d5 28. Qc5 Rd8 29. Ke2 Be6 30. Ra7 Qb8 31. Qe7 Rg8 32.
Rha1 Bc8 33. Qc7 e4 34. Qxb8 exd3+ 35. Kxd3 Bf5+ 36. Kd4 Rxb8 37. Ra8 e2 38. Rxb8+ Bxb8 39. Ra8 h6 40. Rxb8+ Kh7 41. Re8 Be4 42. Rxe4 dxe4 43. fxe4 e1=Q 44. b5 Qd2+ 45. Kc4 Qxg2 46. b6 Qxe4+ 47.
Kc5 Qd3 48. c4 Qd7 49. Kb4 Qc6 50. c5 g5 51. hxg5 hxg5 52. Ka5 g4 53. Ka6 g3 54.
Ka7 g2 55. b7 Qc7 56. Ka8 g1=Q 57. b8=Q Qa1+ 58. Qa7 Qaxa7# 0-1